 Dungeon Crawl Stone Soup version 0.30-a0-726-gd89dcf765f (webtiles) character file.

Game seed: 1209282554427671176

12118 Conn the Thaumaturge (level 11, -2/56 HPs)
             Began as a Deep Elf Fire Elementalist on Jan 29, 2023.
             Was a Believer of Sif Muna.
             Slain by an unseen horror (6 damage)
             ... on level 12 of the Dungeon.
             The game lasted 00:51:37 (10908 turns).

Conn the Thaumaturge (Deep Elf Fire Elementalist)  Turns: 10908, Time: 00:51:37

Health: -2/56      AC:  9    Str:  5    XL:     11   Next: 58%
Magic:  1/30       EV: 14    Int: 25    God:    Sif Muna [**....]
Gold:   524        SH:  0    Dex: 15    Spells: 16/37 levels left

rFire   . . .      SeeInvis +    a - +7 Throatcutter {drain, coup de grace}
rCold   . . .      Faith    .    (no shield)
rNeg    . . .      Spirit   .    J - +1 steam dragon scales
rPois   .          Reflect  .    (no helmet)
rElec   .          Harm     .    h - +2 cloak
rCorr   .          Rampage  .    (no gloves)
Will    ++...                    (no boots)
Stlth   +++                      (no amulet)
HPRegen 0.29/turn                C - ring of see invisible
MPRegen 0.22/turn                D - ring of willpower

@: very slightly contaminated
A: no striking features
a: Renounce Religion, Channel Magic


You were on level 12 of the Dungeon.
You worshipped Sif Muna.
Sif Muna was pleased with you.
You visited 1 branch of the dungeon, and saw 12 of its levels.
You also visited: Sewer.

You collected 524 gold pieces.

Inventory:

Hand Weapons
 a - the +7 Throatcutter (weapon) {drain, coup de grace}
   (You found it on level 3 of the Dungeon)
 g - a +0 dagger
 i - a +2 whip of electrocution
 r - a +2 dagger of venom
Missiles
 d - 36 poisoned darts
 A - a throwing net (quivered)
 B - a curare-tipped dart
Armour
 f - the +6 chain mail of Hyl Saon {Rampage *Slow rCorr Slay+4}
   (You found it on level 7 of the Dungeon)

   Slay:      It affects your accuracy & damage with ranged weapons and melee
   (+4).
   rCorr:     It protects you from acid and corrosion.
   *Slow:     It may slow you when you take damage.
   Rampage:   It bestows one free step when moving towards enemies.
 h - a +2 cloak (worn)
 J - +1 steam dragon scales (worn)
Magical Staves
 b - a staff of fire
 v - a staff of cold
Jewellery
 C - a ring of see invisible (left hand)
 D - a ring of willpower (right hand)
Wands
 m - a wand of flame (39)
 q - a wand of charming (16)
 s - a wand of iceblast (8)
Scrolls
 l - 4 scrolls of teleportation
 t - a scroll of brand weapon
 y - a scroll of enchant weapon {unknown}
 z - a scroll of poison
 F - a scroll of blinking {unknown}
 G - a scroll of silence {unknown}
 I - a scroll of fear {unknown}
 L - a scroll of enchant armour
 P - a scroll of identify
Potions
 c - 2 potions of curing
 j - 3 potions of invisibility {unknown}
 n - 2 potions of attraction
 o - 2 potions of might
 p - a potion of flight
 u - 3 potions of haste
 w - a potion of mutation
 E - 2 potions of lignification {unknown}
 K - a potion of brilliance
 M - a potion of resistance {unknown}
 N - a potion of berserk rage {unknown}
Miscellaneous
 O - a box of beasts


   Skills:
 + Level 1.1 Fighting
 + Level 0.4(2.2) Short Blades
 + Level 3.2 Long Blades
 + Level 0.7 Throwing
 + Level 4.6 Dodging
 + Level 5.2 Stealth
 + Level 13.6 Spellcasting
 + Level 8.2 Conjurations
 + Level 2.8 Hexes
 + Level 12.9 Fire Magic
 * Level 2.4 Invocations


You had 16 spell levels left.
You knew the following spells:

 Your Spells              Type           Power      Damage    Failure   Level
a - Foxfire               Conj/Fire      100%       2x1d9     1%          1
b - Fireball              Conj/Fire      31%        3d13      1%          5
c - Inner Flame           Hex/Fire       54%        N/A       1%          3
d - Flame Wave            Conj/Fire      63%        2d15      1%          4
e - Scorch                Fire           100%       2d10      1%          2
f - Starburst             Conj/Fire      31%        6d10      7%          6

Your spell library contained the following spells:

 Spells                   Type           Power      Damage    Failure   Level
 Kindle Blastsparks       Fire/Tloc/Air  76%        2d16      1%          3


Dungeon Overview and Level Annotations

Branches:
Dungeon (12/15)            Temple (0/1) D:6            Lair (0/5) D:8
  Sewer (visited)
    Orc: D:9-12

Altars:
Dithmenos
Fedhas
Gozag
Kikubaaqudgha
Nemelex Xobeh
Okawaru
Qazlal
Sif Muna
Trog
Uskayaw
Wu Jian
Xom
Yredelemnul

Annotations:
D:12 Kirke


Message History

You kill the lindwurm!
The lindwurm's corpse disappears in a puff of smoke!
The unseen horror misses you.
Kirke mumbles some strange words.
Kirke summons a lindwurm!
Okay, then.
Okay, then.
Unknown command.
Aiming: Iceblast
Press: ? - help, Shift-Dir - straight line
Okay, then.
Okay, then.
Okay, then.
Unknown command.
Aiming: Charm
Press: ? - help, Shift-Dir - straight line, f - cyclops
Aim: a cyclops, quivering large rocks (chance to affect: 31%)
Okay, then.
Unknown command.
Aiming: Iceblast
Press: ? - help, Shift-Dir - straight line The mass of ice explodes!
The iceblast engulfs the lindwurm!
The lindwurm is lightly wounded.
The iceblast engulfs Kirke!
Kirke is almost dead.
The unseen horror hits you but does no damage.
Kirke hits you!
* * * LOW HITPOINT WARNING * * *
The unseen horror hits you but does no damage.
Okay, then.
Unknown command.
Unknown command.
Okay, then.
The air fills with toxic fumes!
As you read the scroll labelled YNOETIDGHAF, it crumbles to dust.
It was a scroll of poison.
The unseen horror misses you.
Kirke mumbles some strange words.
Kirke flickers and vanishes for a moment.
The unseen horror hits you.
You die...

#.........#####.#
#..
#§§§§§§§§§§§§...#
#..
#§§§§§§§§§§§....#
+..
#§§§§§§§§§§.....#
..
#§§§§§§§§§.......
#§§§§§§§§........
#§§§§§§§.........
..
#§§§§§§########...
... #§§§§x@# ...
#§§§§k@# ...
.§§§§§§§§# ...
######§§§# ...
#§§C§ ##. #§§§§.
#. #§§§§.. #.
#§§§§### # #....#
#


You could see Kirke (invisible), a lindwurm (summoned), a cyclops and an unseen
horror (invisible).

Vanquished Creatures
  A centaur warrior (D:11)
  Erica (D:8)
  A tengu warrior (D:11)
  Pikel (D:5)
  An ugly thing (D:11)
  Maggie (D:6)
  A komodo dragon (D:8)
  A hornet (D:8)
  Prince Ribbit (D:8)
  Sigmund (D:3)
  3 slime creatures (D:12)
  2 shadows
  A spriggan (shapeshifter) (D:12)
  A vampire (D:7)
  4 wyverns
  5 hogs (D:12)
  A steam dragon (D:7)
  9 yaks
  A vampire mosquito (D:11)
  2 acid dragons (D:9)
  4 water moccasins
  3 black bears (D:8)
  An ice beast (D:7)
  An orc warrior (D:8)
  4 ogres
  7 centaurs
  2 phantoms
  4 kobold brigands
  2 lemures (D:5)
  4 bullfrogs
  2 necrophages
  3 scorpions
  3 wights (D:7)
  3 killer bees (D:9)
  3 howler monkeys
  An electric eel (D:7)
  3 jellies
  A gnoll bouda (D:5)
  10 orc priests
  Crazy Yiuf (D:7)
  2 hounds
  6 iguanas
  7 orc wizards
  Ijyb (D:3)
  3 gnolls (D:5)
  11 adders
  A shadow imp (D:7)
  2 white imps
  An ufetubus (D:5)
  A worm (D:5)
  30 orcs
  11 ball pythons
  6 bats
  5 endoplasms
  7 giant cockroaches
  6 goblins
  6 hobgoblins
  10 quokkas
  3 frilled lizards
  32 kobolds
  11 rats
263 creatures vanquished.

Vanquished Creatures (collateral kills)
  6 foxfires
6 creatures vanquished.

Vanquished Creatures (others)
  535 foxfires
  49 fungi
  32 plants
616 creatures vanquished.

Grand Total: 885 creatures vanquished

Notes
Turn   | Place    | Note
-------+----------+-------------------------------------------
     0 | D:1      | Conn the Deep Elf Fire Elementalist began the quest for the
                  | Orb.
     0 | D:1      | Reached XP level 1. HP: 10/10 MP: 6/6
   256 | D:1      | Reached XP level 2. HP: 11/15 MP: 5/8
   436 | D:1      | Learned a level 2 spell: Scorch
   561 | D:1      | Found a faded altar of an unknown god.
  1174 | D:2      | Reached XP level 3. HP: 19/19 MP: 6/10
  1178 | D:2      | Learned a level 3 spell: Inner Flame
  1716 | D:3      | Noticed Sigmund
  1722 | D:3      | Killed Sigmund
  1723 | D:3      | Reached skill level 4 in Spellcasting
  1723 | D:3      | Reached XP level 4. HP: 19/24 MP: 1/12
  1723 | D:3      | Reached XP level 5. HP: 23/28 MP: 1/14
  1729 | D:3      | Reached skill level 5 in Spellcasting
  1870 | D:3      | Noticed Ijyb
  1895 | D:3      | Learned a level 4 spell: Flame Wave
  1901 | D:3      | Killed Ijyb
  1902 | D:3      | Reached skill level 5 in Fire Magic
  1902 | D:3      | Reached XP level 6. HP: 32/32 MP: 7/15
  2060 | D:3      | Found the +7 Throatcutter {drain, coup de grace}
  2208 | D:3      | Found a shadowy altar of Dithmenos.
  2208 | D:3      | Found a sparkling altar of Nemelex Xobeh.
  2352 | D:3      | Found an ornate altar of the Wu Jian Council.
  2625 | D:3      | Noticed a spectral centipede
  2625 | D:3      | Noticed a spectral black mamba
  2625 | D:3      | Noticed a spectral cane toad
  2861 | D:4      | Found a glowing drain.
  2867 | D:4      | Reached skill level 6 in Spellcasting
  2877 | Sewer    | Entered a sewer
  3267 | Sewer    | Reached XP level 7. HP: 27/37 MP: 4/18
  3779 | D:4      | Reached skill level 1 in Long Blades
  4010 | D:5      | Entered Level 5 of the Dungeon
  4037 | D:5      | Found a hide-covered altar of Uskayaw.
  4043 | D:5      | Reached skill level 7 in Spellcasting
  4046 | D:5      | Noticed Pikel
  4207 | D:5      | Killed Pikel
  4208 | D:5      | Reached skill level 8 in Spellcasting
  4208 | D:5      | Reached skill level 1 in Hexes
  4208 | D:5      | Reached XP level 8. HP: 27/42 MP: 4/22
  4345 | D:5      | Learned a level 5 spell: Fireball
  4352 | D:5      | Learned a level 6 spell: Starburst
  4438 | D:5      | Reached skill level 5 in Stealth
  4452 | D:5      | Found a basalt altar of Yredelemnul.
  5281 | D:6      | Reached skill level 9 in Spellcasting
  5416 | D:6      | Found a bloodstained altar of Trog.
  5427 | D:6      | Reached skill level 5 in Conjurations
  5471 | D:6      | Found a shimmering blue altar of Sif Muna.
  5473 | D:6      | Noticed Maggie
  5486 | D:6      | Reached XP level 9. HP: 37/46 MP: 13/24
  5492 | D:6      | Killed Maggie
  5646 | D:6      | Became a worshipper of Sif Muna the Loreminder
  5654 | D:6      | Found a staircase to the Ecumenical Temple.
  6397 | D:7      | Found an ancient bone altar of Kikubaaqudgha.
  6404 | D:7      | Reached skill level 10 in Spellcasting
  6919 | D:7      | Identified the +6 chain mail of Hyl Saon {Rampage *Slow
                  | rCorr Slay+4}
  7259 | D:7      | Reached skill level 10 in Fire Magic
  7264 | D:7      | Reached * piety under Sif Muna
  7409 | D:7      | Found a blossoming altar of Fedhas.
  7627 | D:7      | Found a runed translucent door.
  7628 | D:7      | Noticed Crazy Yiuf
  7633 | D:7      | Killed Crazy Yiuf
  7770 | D:8      | Reached skill level 11 in Spellcasting
  7770 | D:8      | Reached XP level 10. HP: 51/51 MP: 20/27
  7989 | D:8      | Noticed Erica
  8000 | D:8      | Killed Erica
  8154 | D:9      | Found a stormy altar of Qazlal.
  8513 | D:9      | Found an opulent altar of Gozag.
  8794 | D:9      | Reached skill level 12 in Spellcasting
  9007 | D:8      | Found a staircase to the Lair.
  9042 | D:8      | Reached XP level 11. HP: 50/55 MP: 4/29
  9282 | D:8      | Found an iron altar of Okawaru.
  9315 | D:8      | Noticed Prince Ribbit
  9327 | D:8      | Killed Prince Ribbit
  9340 | D:8      | Reached ** piety under Sif Muna
  9600 | D:8      | Found a shimmering altar of Xom.
 10265 | D:10     | Entered Level 10 of the Dungeon
 10331 | D:10     | Noticed a two-headed ogre
 10345 | D:9      | You fall into a shaft and drop 3 floors!
 10364 | D:11     | Noticed a centaur warrior
 10366 | D:11     | Noticed a boulder beetle
 10373 | D:11     | Killed a centaur warrior
 10381 | D:11     | Noticed a cyan ugly thing
 10387 | D:11     | Reached skill level 13 in Spellcasting
 10400 | D:11     | Noticed a tengu warrior
 10406 | D:11     | Killed a cyan ugly thing
 10407 | D:11     | Reached skill level 1 in Invocations
 10564 | D:11     | Reached skill level 1 in Fighting
 10601 | D:11     | Killed a tengu warrior
 10897 | D:12     | Noticed Kirke
 10902 | D:12     | Noticed a lindwurm
 10907 | D:12     | Noticed a lindwurm
 10908 | D:12     | Slain by an unseen horror

Illustrated notes

Levels and vault maps discovered:
D:1:      minmay_arrival_hallway, layout_loops_ring,
          shapermc_ecumenical_altar_mp_vishouse, minmay_split_cup_small
D:2:      layout_basic
D:3:      layout_basic, pdpol_wu_jian_five_deadly_venoms,
          gammafunk_temple_overflow_pools, nicolae_elevator_lobby_plus,
          uniq_sigmund, uniq_ijyb
D:4:      layout_loops_ring, gup_sewer_entry_pipe
D:5:      layout_basic, lemuel_crystal_altar, eat_drink_and_be_merry_uskayaw,
          uniq_pikel
D:6:      layout_basic, mainiacjoe_overflow_cross_hatched,
          mainiacjoe_overflow_boulevard, minmay_temple_entry_glass, uniq_maggie
D:7:      layout_loops_ring, kennysheep_mini_moat,
          mainiacjoe_overflow_six_doors_small, nicolae_water_bricks,
          uniq_crazy_yiuf_cottage
D:8:      layout_loops_ring, mainiacjoe_overflow_alcove_4,
          kennysheep_okawaru_gauntlet, due_lair_maze_entry_diamond,
          nicolae_eternal_life, serial_bayou_pond_d, uniq_prince_ribbit1,
          uniq_erica
D:9:      layout_irregular_city, grunt_qazlal_sundering,
          mainiacjoe_overflow_24_doors
D:10:     layout_loops_corners, good_gods_temple_1, minivault_20,
          kennysheep_small_circle
D:11:     minmay_the_grid_octo_tiled_octocenter [minmay_the_grid_octo_shrine,
          minmay_the_grid_octo_chip, minmay_the_grid_octo_teeth,
          minmay_the_grid_octo_checkerflower,
          minmay_the_grid_octo_prize_single_spiral,
          minmay_the_grid_square_5x5_longway,
          minmay_the_grid_square_5x5_trominoes,
          minmay_the_grid_square_5x5_moneybag,
          minmay_the_grid_square_5x5_empty], layout_basic,
          minmay_fractal_squares_5
D:12:     minmay_chopped_fan, layout_irregular_city, hiddenorc2_lemuel,
          hangedman_ranch, uniq_kirke, uniq_azrael

Skill      XL: |  1  2  3  4  5  6  7  8  9 10 11 |
---------------+----------------------------------+-----
Fire Magic     | 4 5 6 7 10 12 | 12.9
Stealth        | 3 4 5 |  5.2
Spellcasting   | 4 5 6 8 9 11 12 13 | 13.6
Conjurations   | 2 3 5 6 7 8 |  8.2
Dodging        | 3 4 |  4.6
Long Blades    | 1 2 3 |  3.2
Hexes          | 1 2 |  2.8
Invocations    | 2 |  2.4
Fighting       | 1 |  1.1
Short Blades   | |  0.4
Throwing       | |  0.7

Action                     |  1- 3 |  4- 6 |  7- 9 | 10-12 || total
---------------------------+-------+-------+-------+-------++-------
  Melee: Dagger            |     9 |       |       |       ||     9
         Whip              |     3 |     3 |       |       ||     6
         Punch             |     1 |     1 |     1 |     1 ||     4
         Long sword        |       |    13 |    34 |    29 ||    76
  Throw: Dart              |       |     3 |       |     2 ||     5
         Throwing net      |       |       |       |     1 ||     1
   Cast: Foxfire           |    58 |    69 |   106 |    86 ||   319
         Scorch            |     2 |     7 |    66 |    35 ||   110
         Inner Flame       |       |     1 |    13 |     5 ||    19
         Flame Wave        |       |     2 |     2 |     9 ||    13
         Fireball          |       |       |     7 |    12 ||    19
         Starburst         |       |       |       |     9 ||     9
  Evoke: Wand              |       |     2 |     1 |     1 ||     4
    Use: Scroll            |     2 |     2 |     9 |     8 ||    21
         Potion            |     1 |       |     3 |     6 ||    10
   Stab: Sleeping          |     2 |       |     4 |     2 ||     8
 Armour: Robe              |     6 |     4 |     7 |       ||    17
         Steam dragon scal |       |       |     3 |    25 ||    28
  Dodge: Dodged            |    15 |    20 |    46 |    52 ||   133

Table legend: (Time is in decaauts)
 A = Elapsed time spent in this place.
 B = Non-inter-level travel time spent in this place.
 C = Inter-level travel time spent in this place.
 D = Time resting spent in this place.
 E = Time spent auto-exploring this place.
 F = Levels seen in this place.
 G = Mean time per level.
                   A        B        C        D        E       F      G
               +--------+--------+--------+--------+--------+-----+--------+
         Total |  10930 |  10689 |    241 |    508 |   7585 |  13 |  840.8 |
       Dungeon |  10355 |  10114 |    241 |    450 |   7285 |  12 |  862.9 |
         Sewer |    574 |    574 |      0 |     58 |    300 |   1 |  574.0 |
               +--------+--------+--------+--------+--------+-----+--------+

Top non-repeatable levels by time:
     D:7: 1545 daAuts
     D:9: 1251 daAuts
     D:6: 1233 daAuts
     D:8: 1076 daAuts
     D:3: 1054 daAuts
     D:5: 1032 daAuts
     D:4: 934 daAuts
     D:1: 903 daAuts
     D:2: 716 daAuts
   Sewer: 574 daAuts
    D:12: 272 daAuts
    D:11: 259 daAuts
    D:10: 75 daAuts
